3L
WIZARDING EXPRESS @ CAPITAL DISTRICT RED KNIGHTS
05/05/2023
 
TOP OF THE 1ST
Wizarding Express batting - Pitching for Capital District Red Knights : RHP Bob Compton
Pitching: RHP Bob Compton
Batting: LHB Chris Thurman 0-0: Ball
1-0: Ball
2-0: Foul Ball, location: 2F
2-1: Foul Ball, location: 2F
2-2: SINGLE (Line Drive, 89S)
Batting: RHB Michael Montgomery 0-0: SINGLE (Groundball, 56)
Chris Thurman to second
Batting: RHB Cole Shaffer 0-0: Called Strike
0-1: Ball
1-1: Foul Ball, location: 2F
1-2: SINGLE (Line Drive, 78S)
Chris Thurman to third
Michael Montgomery to second
Runner from 3rd tries for Home, SAFE, no throw or cutoff
Batting: LHB Emílio Sáenz 0-0: Ball
1-0: Ball
2-0: SINGLE (Groundball, 56D)
Michael Montgomery to third
Cole Shaffer to second
Batting: SHB Eiji Suzuki 0-0: Ball
1-0: Ball
2-0: DOUBLE (Flyball, 8RXD)
Michael Montgomery scores
Cole Shaffer scores
Emílio Sáenz to third
Runner from 3rd tries for Home, SAFE, no throw or cutoff
Batting: RHB Tenshin Ichikawa 0-0: Ball
1-0: Ball
2-0: SINGLE (Groundball, 56D)
Eiji Suzuki to third
Batting: RHB Turner Coleman 0-0: Ball
1-0: Fielders Choice at 2nd, 6-4 (Groundball, 6M)
Eiji Suzuki scores
Batting: LHB Kyung-chor Pang 0-0: Ball
1-0: Called Strike
1-1: Foul Ball, location: 2F
1-2: Ball
2-2: SINGLE (Line Drive, 34)
Turner Coleman to second
Batting: RHB Nathan Clay 0-0: Ball
1-0: Ball
2-0: Swinging Strike
2-1: Fly out, F8 (Flyball, 89M)
Runner from 2nd tags up, SAFE at 3rd with throw
Batting: LHB Chris Thurman 0-0: Called Strike
0-1: Ball
1-1: Ground out U3 (Groundball, 3)
Top of the 1st over - 5 run(s), 7 hit(s), 0 error(s), 2 left on base; Wizarding 5 - Capital District 0
BOTTOM OF THE 1ST
Capital District Red Knights batting - Pitching for Wizarding Express : RHP Henry Hall
Pitching: RHP Henry Hall
Batting: LHB Arturo Hernández 0-0: Called Strike
0-1: Swinging Strike
0-2: Strikes out swinging
Batting: RHB Shawn Hicks 0-0: Called Strike
0-1: Ball
1-1: Called Strike
1-2: Ground out 5-3 (Groundball, 56)
Batting: RHB Daniel Lallanilla 0-0: Called Strike
0-1: Foul Ball, location: 2F
0-2: Ball
1-2: Ball
2-2: Foul Ball, location: 2F
2-2: Fly out, F7 (Flyball, 78S)
Bottom of the 1st over - 0 run(s), 0 hit(s), 0 error(s), 0 left on base; Wizarding 5 - Capital District 0
TOP OF THE 2ND
Wizarding Express batting - Pitching for Capital District Red Knights : RHP Bob Compton
Batting: RHB Michael Montgomery 0-0: TRIPLE (Line Drive, 8RM)
Batting: RHB Cole Shaffer 0-0: Called Strike
0-1: Foul Ball, location: 2F
0-2: Ball
1-2: Fly out, F8 (Flyball, 8LD)
Runner from 3rd tags up, SCORES, no throw
Batting: LHB Emílio Sáenz 0-0: Ball
1-0: Called Strike
1-1: Ball
2-1: Reached on error, E6 (Groundball, 6M)
Batting: SHB Eiji Suzuki 0-0: Fly out, F8 (Flyball, 8RXD)
Batting: RHB Tenshin Ichikawa 0-0: Foul Ball, location: 2F
0-1: Foul Ball, location: 2F
0-2: Foul Ball, location: 2F
0-2: Ground out 4-3 (Groundball, 34)
Top of the 2nd over - 1 run(s), 1 hit(s), 1 error(s), 1 left on base; Wizarding 6 - Capital District 0
BOTTOM OF THE 2ND
Capital District Red Knights batting - Pitching for Wizarding Express : RHP Henry Hall
Batting: RHB Barry Dempsey 0-0: Swinging Strike
0-1: Ball
1-1: SINGLE (Line Drive, 9LS)
Batting: SHB Joreão Canosa 0-0: Ball
1-0: Ball
2-0: Swinging Strike
2-1: Fielders Choice at 2nd, 2-6 (Groundball, 2L)
Batting: LHB Arturo Acosta 0-0: SINGLE (Line Drive, 7S)
Joreão Canosa to second
Batting: RHB Lane Rich 0-0: Called Strike
0-1: Ball
1-1: Ball
2-1: Ball
3-1: Base on Balls
Joreão Canosa to third
Arturo Acosta to second
Batting: LHB Leonardo López 0-0: Called Strike
0-1: Called Strike
0-2: Ball
1-2: Strikes out swinging
Batting: RHB Tom Christensen 0-0: Called Strike
0-1: Fielders Choice at 2nd, U4 (Groundball, 4M)
Bottom of the 2nd over - 0 run(s), 2 hit(s), 0 error(s), 3 left on base; Wizarding 6 - Capital District 0
TOP OF THE 3RD
Wizarding Express batting - Pitching for Capital District Red Knights : RHP Bob Compton
Batting: RHB Turner Coleman 0-0: Ball
1-0: Foul Ball, location: 2F
1-1: SINGLE (Groundball, 6)
Batting: LHB Kyung-chor Pang 0-0: Called Strike
0-1: Fly out, F7 (Flyball, 7LM)
Batting: RHB Nathan Clay 0-0: Called Strike
0-1: Ball
1-1: Ball
2-1: Fly out, F4 (Popup, 4MD)
Batting: LHB Chris Thurman 0-0: DOUBLE (Line Drive, 89XD)
Turner Coleman to third
Runner from 3rd tries for Home, SAFE, no throw or cutoff
Batting: RHB Michael Montgomery 0-0: Ball
1-0: Foul Ball, location: 2F
1-1: SINGLE (Groundball, 6)
Chris Thurman to third
Runner from 3rd tries for Home, throw and OUT!
Top of the 3rd over - 1 run(s), 3 hit(s), 0 error(s), 1 left on base; Wizarding 7 - Capital District 0
BOTTOM OF THE 3RD
Capital District Red Knights batting - Pitching for Wizarding Express : RHP Henry Hall
Batting: LHB Arturo Hernández 0-0: Ball
1-0: Foul Ball, location: 2F
1-1: Ball
2-1: Ball
3-1: Base on Balls
Batting: RHB Shawn Hicks 0-0: Called Strike
0-1: Fly out, F4 (Popup, 34)
Batting: RHB Daniel Lallanilla 0-0: Ball
1-0: Ball
2-0: Called Strike
2-1: Ball
3-1: Base on Balls
Arturo Hernández to second
Batting: RHB Barry Dempsey 0-0: Ball
Arturo Hernández steals 3rd base
Daniel Lallanilla to second
1-0: Ball
2-0: Foul Ball, location: 2F
2-1: Ball
3-1: Base on Balls
Batting: SHB Joreão Canosa 0-0: Ball
1-0: Grounds into double play, 1-2-3 (Groundball, 13)
Bottom of the 3rd over - 0 run(s), 0 hit(s), 0 error(s), 2 left on base; Wizarding 7 - Capital District 0
TOP OF THE 4TH
Wizarding Express batting - Pitching for Capital District Red Knights : RHP Bob Compton
Pitching: RHP Gregory Gary
Batting: RHB Cole Shaffer 0-0: Ball
1-0: Ground out 5-3 (Groundball, 56)
Batting: LHB Emílio Sáenz 0-0: Foul Ball, location: 2F
0-1: Called Strike
0-2: Ball
1-2: Ball
2-2: Foul Ball, location: 2F
2-2: Ball
3-2: Base on Balls
Batting: SHB Eiji Suzuki 0-0: Called Strike
0-1: Ball
1-1: Ball
2-1: 2-RUN HOME RUN (Flyball, 9D), Distance : 355 ft
Batting: RHB Tenshin Ichikawa 0-0: Ball
1-0: Ball
2-0: Foul Ball, location: 2F
2-1: Ground out 5-3 (Groundball, 5S)
Batting: RHB Turner Coleman 0-0: Ball
1-0: Fly out, F9 (Flyball, 89M)
Top of the 4th over - 2 run(s), 1 hit(s), 0 error(s), 0 left on base; Wizarding 9 - Capital District 0
BOTTOM OF THE 4TH
Capital District Red Knights batting - Pitching for Wizarding Express : RHP Henry Hall
Batting: LHB Arturo Acosta 0-0: Called Strike
0-1: Ball
1-1: Called Strike
1-2: Ground out 4-3 (Groundball, 4)
Batting: RHB Lane Rich 0-0: Fly out, F8 (Flyball, 8RM)
Batting: LHB Leonardo López 0-0: Foul Ball, location: 2F
0-1: Fly out, F9 (Line Drive, 9S)
Bottom of the 4th over - 0 run(s), 0 hit(s), 0 error(s), 0 left on base; Wizarding 9 - Capital District 0
TOP OF THE 5TH
Wizarding Express batting - Pitching for Capital District Red Knights : RHP Gregory Gary
Batting: LHB Kyung-chor Pang 0-0: Called Strike
0-1: Foul Ball, location: 2F
0-2: Foul Ball, location: 2F
0-2: Ball
1-2: Ball
2-2: Strikes out swinging
Batting: RHB Nathan Clay 0-0: Ball
1-0: Swinging Strike
1-1: Foul Ball, location: 2F
1-2: Strikes out swinging
Batting: LHB Chris Thurman 0-0: Foul Ball, location: 2F
0-1: Foul Ball, location: 2F
0-2: Ball
1-2: Foul Ball, location: 2F
1-2: Foul Ball, location: 2F
1-2: Ball
2-2: Ball
3-2: Fly out, F9 (Flyball, 9D)
Top of the 5th over - 0 run(s), 0 hit(s), 0 error(s), 0 left on base; Wizarding 9 - Capital District 0
BOTTOM OF THE 5TH
Capital District Red Knights batting - Pitching for Wizarding Express : RHP Henry Hall
Batting: RHB Tom Christensen 0-0: Called Strike
0-1: Ground out 5-3 (Groundball, 5S)
Batting: LHB Arturo Hernández 0-0: SINGLE (Line Drive, 8RS)
Batting: RHB Shawn Hicks 0-0: Ball
Arturo Hernández is caught stealing 2nd base
1-0: Ball
2-0: Ball
3-0: Base on Balls
Batting: RHB Daniel Lallanilla 0-0: Foul Ball, location: 2F
0-1: Ball
1-1: SINGLE (Line Drive, 9S)
Shawn Hicks to second
Batting: RHB Barry Dempsey 0-0: Called Strike
0-1: Foul Ball, location: 2F
0-2: Ball
1-2: Foul Ball, location: 2F
1-2: Ball
2-2: Foul Ball, location: 2F
2-2: Strikes out looking
Bottom of the 5th over - 0 run(s), 2 hit(s), 0 error(s), 2 left on base; Wizarding 9 - Capital District 0
TOP OF THE 6TH
Wizarding Express batting - Pitching for Capital District Red Knights : RHP Gregory Gary
Batting: RHB Michael Montgomery 0-0: Ball
1-0: Foul Ball, location: 2F
1-1: Fly out, F7 (Flyball, 7M)
Batting: RHB Cole Shaffer 0-0: Ball
1-0: Ball
2-0: Foul Ball, location: 2F
2-1: DOUBLE (Groundball, 5L)
Batting: LHB Emílio Sáenz 0-0: Fly out, F7 (Line Drive, 7D)
Runner from 2nd tags up, SAFE at 3rd, no throw
Batting: SHB Eiji Suzuki 0-0: Called Strike
0-1: Ball
1-1: Called Strike
1-2: Ball
2-2: Fly out, F8 (Flyball, 8RM)
Top of the 6th over - 0 run(s), 1 hit(s), 0 error(s), 1 left on base; Wizarding 9 - Capital District 0
BOTTOM OF THE 6TH
Capital District Red Knights batting - Pitching for Wizarding Express : RHP Henry Hall
Batting: SHB Joreão Canosa 0-0: Called Strike
0-1: Called Strike
0-2: Strikes out swinging
Batting: LHB Arturo Acosta 0-0: Swinging Strike
0-1: Called Strike
0-2: Ball
1-2: Foul Ball, location: 2F
1-2: Foul Ball, location: 2F
1-2: Strikes out swinging
Batting: RHB Lane Rich 0-0: Called Strike
0-1: SINGLE (Flyball, 7S)
Batting: LHB Leonardo López 0-0: Called Strike
0-1: Ball
1-1: Foul Ball, location: 2F
1-2: Ball
2-2: Ball
3-2: Strikes out swinging
Bottom of the 6th over - 0 run(s), 1 hit(s), 0 error(s), 1 left on base; Wizarding 9 - Capital District 0
TOP OF THE 7TH
Wizarding Express batting - Pitching for Capital District Red Knights : RHP Gregory Gary
Batting: RHB Tenshin Ichikawa 0-0: Called Strike
0-1: Ball
1-1: Foul Ball, location: 2F
1-2: Foul Ball, location: 2F
1-2: Fly out, F8 (Flyball, 8RD)
Batting: RHB Turner Coleman 0-0: Called Strike
0-1: Ground out 1-3 (Groundball, 15)
Batting: LHB Kyung-chor Pang 0-0: Ball
1-0: Ball
2-0: Called Strike
2-1: Ground out 1-3 (Groundball, 15)
Top of the 7th over - 0 run(s), 0 hit(s), 0 error(s), 0 left on base; Wizarding 9 - Capital District 0
BOTTOM OF THE 7TH
Capital District Red Knights batting - Pitching for Wizarding Express : RHP Henry Hall
Batting: RHB Tom Christensen 0-0: Ball
1-0: Ground out 5-3 (Groundball, 56S)
Batting: LHB Arturo Hernández 0-0: Ball
1-0: Swinging Strike
1-1: Swinging Strike
1-2: Foul Ball, location: 2F
1-2: Foul Ball, location: 2F
1-2: Strikes out looking
Batting: RHB Shawn Hicks 0-0: Ground out 5-3 (Groundball, 56)
Bottom of the 7th over - 0 run(s), 0 hit(s), 0 error(s), 0 left on base; Wizarding 9 - Capital District 0
TOP OF THE 8TH
Wizarding Express batting - Pitching for Capital District Red Knights : RHP Gregory Gary
Batting: RHB Nathan Clay 0-0: Ball
1-0: Called Strike
1-1: Ball
2-1: TRIPLE (Line Drive, 89M)
Batting: LHB Chris Thurman 0-0: Called Strike
0-1: Ball
1-1: Ball
2-1: Ball
3-1: Fly out, F7 (Flyball, 78M)
Runner from 3rd tags up, SCORES, throw made
Batting: RHB Michael Montgomery 0-0: Called Strike
0-1: Ball
1-1: Ball
2-1: Called Strike
2-2: Ball
3-2: Base on Balls
Pinch Hitting: RHB Manuel González 0-0: Called Strike
0-1: Ball
1-1: Ball
2-1: Foul Ball, location: 2F
2-2: Ball
3-2: Fielders Choice at 2nd, 5-4 (Groundball, 5L)
Batting: LHB Emílio Sáenz 0-0: Ball
1-0: Ball
2-0: Ground out 4-3 (Groundball, 34)
Top of the 8th over - 1 run(s), 1 hit(s), 0 error(s), 1 left on base; Wizarding 10 - Capital District 0
BOTTOM OF THE 8TH
Capital District Red Knights batting - Pitching for Wizarding Express : RHP Henry Hall
Pitching: RHP Jackson Haines
Now in LF: Manuel González
Batting: RHB Daniel Lallanilla 0-0: Foul Ball, location: 2F
0-1: Ball
1-1: Ball
2-1: SINGLE (Groundball, 4MD)
Batting: RHB Barry Dempsey 0-0: Called Strike
0-1: Called Strike
0-2: Ball
1-2: Strikes out swinging
Batting: SHB Joreão Canosa 0-0: Foul Ball, location: 2F
0-1: Ball
1-1: Called Strike
1-2: Foul Ball, location: 2F
1-2: Fly out, F7 (Flyball, 7LS)
Batting: LHB Arturo Acosta 0-0: Ball
1-0: Ball
2-0: Foul Ball, location: 2F
2-1: Swinging Strike
2-2: Strikes out looking
Bottom of the 8th over - 0 run(s), 1 hit(s), 0 error(s), 1 left on base; Wizarding 10 - Capital District 0
TOP OF THE 9TH
Wizarding Express batting - Pitching for Capital District Red Knights : RHP Gregory Gary
Batting: SHB Eiji Suzuki 0-0: SOLO HOME RUN (Flyball, 8LXD), Distance : 437 ft
Pitching: RHP Reed Taylor
Batting: RHB Tenshin Ichikawa 0-0: Ball
1-0: Called Strike
1-1: Swinging Strike
1-2: Ball
2-2: DOUBLE (Line Drive, 5L)
Batting: RHB Turner Coleman 0-0: Called Strike
0-1: Foul Ball, location: 2F
0-2: Strikes out looking
Batting: LHB Kyung-chor Pang 0-0: Ball
1-0: Ground out 2-3 (Groundball, 2R)
Tenshin Ichikawa to third
Batting: RHB Nathan Clay 0-0: Foul Ball, location: 2F
0-1: Swinging Strike
0-2: Ball
1-2: Strikes out looking
Top of the 9th over - 1 run(s), 2 hit(s), 0 error(s), 1 left on base; Wizarding 11 - Capital District 0
BOTTOM OF THE 9TH
Capital District Red Knights batting - Pitching for Wizarding Express : RHP Jackson Haines
Batting: RHB Lane Rich 0-0: Ball
1-0: Foul Ball, location: 2F
1-1: Foul Ball, location: 2F
1-2: Ball
2-2: Ball
3-2: Strikes out swinging
Batting: LHB Leonardo López 0-0: Ball
1-0: Called Strike
1-1: Swinging Strike
1-2: Strikes out swinging
Batting: RHB Tom Christensen 0-0: Foul Ball, location: 2F
0-1: Ball
1-1: Swinging Strike
1-2: Ball
2-2: Ball
3-2: Fly out, F8 (Flyball, 8LM)
Bottom of the 9th over - 0 run(s), 0 hit(s), 0 error(s), 0 left on base; Wizarding 11 - Capital District 0
This league is powered by Out of the Park Baseball, the baseball management simulation game for PC, Mac and Linux
Friday, July 8th, 2016 - OOTP Baseball 16.9 Build 39